[Event "Early-Titled-Tuesday-Blitz-December-26-2023"]
[Site "Chess.com"]
[Date "2023.12.26"]
[Round "8"]
[White "YurasovMat-2012"]
[Black "Viktor_Poddubnyi"]
[Result "1-0"]
[WhiteElo "2531"]
[BlackElo "2366"]
[TimeControl "180+1"]
[EndTime "9:27:28 PST"]
[Termination "YurasovMat-2012 won on time"]

1. e4 g6 2. Nf3 Bg7 3. d4 d6 4. Nc3 Nf6 5. Bc4 c6 6. O-O d5 7. exd5 cxd5 8. Bb5+ Bd7 9. Qe2 O-O 10. Re1 e6 11. Bf4 Bxb5 12. Nxb5 Nc6 13. c3 a6 14. Na3 b5 15. Nc2 Na5 16. a4 Qb6 17.
axb5 axb5 18. Ne5 Nc4 19. b3 Nxe5 20. Bxe5 Rac8 21. Bxf6 Bxf6 22. Qf3 Bg7 23. Nb4 Rc7 24. Na6 Ra7 25. Nc5 Rfa8 26. Rxa7 Rxa7 27. b4 h6 28. h3 Qd6 29. Qd3 Ra2 30. Qxb5 Qf4 31. Rf1 Rc2 32. Qd3 Rb2 33. Qd1 h5 34. Nd3 1-0

[Event "Early-Titled-Tuesday-Blitz-December-26-2023"]
[Site "Chess.com"]
[Date "2023.12.26"]
[Round "8"]
[White "viviania"]
[Black "Angry_Twin"]
[Result "0-1"]
[WhiteElo "2862"]
[BlackElo "2954"]
[TimeControl "180+1"]
[EndTime "9:27:32 PST"]
[Termination "Angry_Twin won by resignation"]

1. d4 Nf6 2. c4 e6 3. Nc3 Bb4 4. e3 d5 5. a3 Bxc3+ 6. bxc3 c6 7. a4 O-O 8. Ba3 Re8 9. Nf3 b6 10. cxd5 exd5 11. c4 Ba6 12. Rc1 dxc4 13. Bxc4 Bxc4 14. Rxc4 b5 15. Rc2 Qa5+ 16. Nd2 Qxa4 17. Bd6 Qxd4 18.
Bg3 Qd3 19. Nf3 Qxd1+ 20. Kxd1 a5 21. Ke2 Nbd7 22. Rxc6 b4 23. Nd4 a4 24. Nb5 Rec8 25.
Nc7 Ra5 26. Rhc1 h6 27. Nd5 Rxc6 28. Ne7+ Kh7 29. Nxc6 Rb5 30. Bd6 b3 31. Ba3 b2 32. Rb1 Rb3 33. Bxb2 a3 0-1

[Event "Early-Titled-Tuesday-Blitz-December-26-2023"]
[Site "Chess.com"]
[Date "2023.12.26"]
[Round "8"]
[White "DarkAlekhine"]
[Black "MetiForce"]
[Result "0-1"]
[WhiteElo "2730"]
[BlackElo "2878"]
[TimeControl "180+1"]
[EndTime "9:27:36 PST"]
[Termination "MetiForce won by resignation"]

1. d4 d5 2. Bf4 c5 3. e3 Nc6 4. c3 Nf6 5. Nd2 cxd4 6. exd4 a6 7.
Bd3 Bg4 8. Ngf3 e6 9. O-O Bd6 10. Bxd6 Qxd6 11. h3 Bh5 12. Re1 O-O 13. Qc2 Rfc8 14. a3 b5 15. Rac1 Rab8 16. Qb1 Qf4 17. g3 Qd6 18. Ne5 Bg6 19. Nxg6 hxg6 20. h4 e5 21. dxe5 Nxe5 22. Bf1 d4 23. cxd4 Qxd4 24.
Rcd1 Rd8 25. Bg2 Nd3 26. Re2 Nxb2 27. Rf1 Na4 28. Nf3 Qc5 29. Qa2 Nc3 30. Qc2 Rbc8 31. Re3 Ng4 32. Rd3 Rxd3 33. Qxd3 Re8 34. Ng5 Ne2+ 35.
Kh1 Nxf2+ 36. Kh2 Nxd3 0-1

[Event "Early-Titled-Tuesday-Blitz-December-26-2023"]
[Site "Chess.com"]
[Date "2023.12.26"]
[Round "8"]
[White "ural58"]
[Black "CSB7"]
[Result "0-1"]
[WhiteElo "2488"]
[BlackElo "2674"]
[TimeControl "180+1"]
[EndTime "9:27:39 PST"]
[Termination "CSB7 won by resignation"]

1. e4 d6 2. d4 Nf6 3. Nc3 e5 4. dxe5 dxe5 5. Qxd8+ Kxd8 6. Bd2 c6 7. h4 Bd6 8. f3 Be6 9. g4 Ke7 10. Nge2 h5 11. g5 Nfd7 12. Nc1 a5 13. a4 Na6 14.
Nd3 Nb4 15. O-O-O Nc5 16. Nxc5 Bxc5 17. f4 exf4 18. Bxf4 Bg4 19. Re1 Rhd8 20. Bc4 Be6 21. Bxe6 Kxe6 22. Bd2 Bd4 23. Kb1 Be5 24. Re2 Rd7 25. Na2 Rad8 26. Bxb4 Rd1+ 27. Rxd1 Rxd1+ 28. Nc1 axb4 29. Rf2 Bg3 30. Rf5 Bxh4 31. b3 g6 32. Ra5 Bf2 33. Kb2 Bd4+ 34. c3 bxc3+ 35. Kc2 Rd2+ 36. Kb1 Rb2+ 37. Ka1 c2 0-1

[Event "Early-Titled-Tuesday-Blitz-December-26-2023"]
[Site "Chess.com"]
[Date "2023.12.26"]
[Round "8"]
[White "GMJustin"]
[Black "Matols"]
[Result "0-1"]
[WhiteElo "2235"]
[BlackElo "2387"]
[TimeControl "180+1"]
[EndTime "9:27:39 PST"]
[Termination "Matols won on time"]

1. d4 d5 2. c4 e6 3. Nc3 Nf6 4.
Bg5 dxc4 5. e3 c5 6. Bxc4 cxd4 7. exd4 Be7 8. Nf3 O-O 9. O-O a6 10. a4 Nc6 11. Rc1 Nb4 12. Ne5 Bd7 13. Qe2 Rc8 14.
Rfd1 Bc6 15. Nxc6 Rxc6 16. Bb3 Qa5 17. Bd2 Qb6 18. d5 Rxc3 19. Bxc3 Nbxd5 20. Bxd5 Nxd5 21.
Rxd5 exd5 22. Qxe7 d4 23. Re1 dxc3 24. bxc3 h6 25. a5 Qxa5 26. Qxb7 Qxc3 27. Re7 a5 28. h3 a4 0-1

[Event "Early-Titled-Tuesday-Blitz-December-26-2023"]
[Site "Chess.com"]
[Date "2023.12.26"]
[Round "8"]
[White "rasmussvane"]
[Black "AlexanderL"]
[Result "0-1"]
[WhiteElo "2921"]
[BlackElo "2874"]
[TimeControl "180+1"]
[EndTime "9:27:41 PST"]
[Termination "AlexanderL won by resignation"]

1. Nf3 Nf6 2. g3 b5 3. Bg2 Bb7 4. d4 e6 5. Bg5 c5 6. O-O cxd4 7. Nxd4 Bxg2 8. Kxg2 a6 9. e4 Be7 10. Qf3 Ra7 11. e5 Nd5 12. Bxe7 Nxe7 13. Nc3 Nbc6 14. Nxc6 Nxc6 15. Qe3 O-O 16. Ne4 Rc7 17. Nc5 Nb4 18. Rfc1 Qc8 19. Ne4 Nxc2 20. Qg5 Nxa1 21.
Nf6+ Kh8 22. Nh5 Rg8 23. Rxa1 Rc2 24. Rd1 Qc6+ 25. Kh3 Qf3 26. Rxd7 Qxf2 27. Nf4 Qxh2+ 28. Kg4 f5+ 29. exf6 gxf6 30. Ng6+ Rxg6 31. Rd8+ Kg7 32. Rd7+ Kf8 0-1

[Event "Early-Titled-Tuesday-Blitz-December-26-2023"]
[Site "Chess.com"]
[Date "2023.12.26"]
[Round "8"]
[White "Statham_l3"]
[Black "Aradhya2000"]
[Result "0-1"]
[WhiteElo "2572"]
[BlackElo "2721"]
[TimeControl "180+1"]
[EndTime "9:27:41 PST"]
[Termination "Aradhya2000 won by resignation"]

1. e4 e5 2. Nf3 Nc6 3. Nc3 Nf6 4. Be2 d5 5. exd5 Nxd5 6. O-O Nxc3 7. bxc3 Bd6 8. d4 O-O 9. Bg5 f6 10. Bh4 Bf5 11.
Rb1 b6 12. Bb5 Bd7 13. dxe5 Nxe5 14. Nxe5 Bxb5 15. Qd5+ Kh8 16. Rxb5 Bxe5 17. Qxe5 c6 18. Rbb1 fxe5 19. Bxd8 Raxd8 20. Rbd1 Kg8 21. f3 Kf7 22. Kf2 Ke6 23. Ke3 Rd5 24. Rd3 Rf4 25. Rb1 Ra4 26. Rb2 g5 27. h3 h5 28. g3 Kd6 29. g4 h4 30. Ke2 Kc5 31. Ke3 Ra3 32. Kd2 b5 33. Ke2 a5 34. Kd2 Kc4 35. Ke2 Rxc3 36. Rb3 Rxc2+ 37. Ke3 Rxd3+ 38. Rxd3 Rc3 39. Rxc3+ Kxc3 40.
Ke4 b4 41. Kxe5 a4 42. f4 gxf4 43. g5 f3 44. g6 f2 45. g7 f1=Q 46. g8=Q Qe1+ 47.
Kd6 Qg3+ 48. Qxg3+ hxg3 49. h4 g2 0-1

[Event "Early-Titled-Tuesday-Blitz-December-26-2023"]
[Site "Chess.com"]
[Date "2023.12.26"]
[Round "8"]
[White "sokidze"]
[Black "Suleyman_Chess06"]
[Result "0-1"]
[WhiteElo "2763"]
[BlackElo "2633"]
[TimeControl "180+1"]
[EndTime "9:27:44 PST"]
[Termination "Suleyman_Chess06 won by resignation"]

1. d4 d5 2. c4 c6 3. Nf3 Nf6 4. e3 Bf5 5. Nc3 e6 6. Nh4 Be4 7. f3 Bg6 8. Bd2 Bd6 9. Qb3 Qc7 10. cxd5 exd5 11. Nxg6 hxg6 12. O-O-O Nbd7 13. e4 Bf4 14. e5 Bxd2+ 15. Rxd2 Ng8 16. f4 Ne7 17. Bd3 Nf8 18. Rc2 Ne6 19. Nb5 Qb6 20. Nd6+ Kf8 21. Qxb6 axb6 22. Kb1 Nxd4 23. Rf2 Nef5 24. Nxb7 Rb8 25.
Ba6 Ra8 26. Bd3 Ra7 27. Bxf5 Nxf5 28. Nd8 Rc7 29. e6 f6 30. Rc1 c5 31. g4 Nd6 32. f5 g5 33. Rd2 Ke7 34. Nf7 Nxf7 35.
exf7 Rd8 36. Re1+ Kxf7 37. Re6 b5 38. Kc2 d4 39. a3 c4 40. Rb6 Rd5 41. Kc1 d3 42. Re6 Re7 43. Rxe7+ Kxe7 44. Kd1 Kd6 45. Ke1 Kc5 46. Kf2 Kd4 47. Kf3 Re5 48. Kf2 c3 49. bxc3+ Kxc3 0-1

[Event "Early-Titled-Tuesday-Blitz-December-26-2023"]
[Site "Chess.com"]
[Date "2023.12.26"]
[Round "8"]
[White "Vincent_Vega95"]
[Black "enestnrvrd"]
[Result "1-0"]
[WhiteElo "2851"]
[BlackElo "2661"]
[TimeControl "180+1"]
[EndTime "9:27:46 PST"]
[Termination "Vincent_Vega95 won by resignation"]

1. d4 Nf6 2. c4 e5 3. dxe5 Ng4 4. Bf4 Nc6 5. e3 Ngxe5 6. Nc3 g5 7. Bg3 Bg7 8. h4 g4 9. h5 h6 10. Nd5 d6 11. Bh4 f6 12. Qc2 Be6 13. O-O-O a5 14. a3 Qd7 15. Nxf6+ Bxf6 16. Bxf6 Rf8 17. Bh4 a4 18. e4 Na5 19. Ne2 Bxc4 20. Nd4 c5 21.
Nf5 Rxf5 22. Bxc4 Naxc4 23. exf5 b5 24. Rhe1 Qf7 25. Qe4 Ra6 26. f4 gxf3 27. gxf3 b4 28. f4 bxa3 29. bxa3 1-0

[Event "Early-Titled-Tuesday-Blitz-December-26-2023"]
[Site "Chess.com"]
[Date "2023.12.26"]
[Round "8"]
[White "secrethawk1"]
[Black "Ajedrez_con_German"]
[Result "1/2-1/2"]
[WhiteElo "2468"]
[BlackElo "2598"]
[TimeControl "180+1"]
[EndTime "9:27:46 PST"]
[Termination "Game drawn by repetition"]

1. e4 c5 2. Nf3 a6 3. c4 Nc6 4. d4 cxd4 5. Nxd4 e5 6. Nf5 d5 7. cxd5 Bxf5 8. exf5 Nd4 9. Bd3 Qxd5 10. O-O Nf6 11. Nc3 Qd7 12. Be3 Be7 13. Rc1 O-O 14. Bb1 Rfd8 15. Ne2 h6 16. Nxd4 exd4 17. Bf4 Rac8 18. Re1 Bd6 19. Rxc8 Qxc8 20. Qxd4 Bxf4 21. Qxf4 Qc5 22. h3 Qa5 23. Qc1 Qd2 24. b3 Kf8 25. Qc5+ Qd6 26. Qc3 Qd2 27. Qc5+ Qd6 28. Qa7 Qd2 29.
Qc5+ 1/2-1/2

[Event "Early-Titled-Tuesday-Blitz-December-26-2023"]
[Site "Chess.com"]
[Date "2023.12.26"]
[Round "8"]
[White "Let_it_be_1"]
[Black "elchacal664"]
[Result "1-0"]
[WhiteElo "2558"]
[BlackElo "2296"]
[TimeControl "180+1"]
[EndTime "9:27:47 PST"]
[Termination "Let_it_be_1 won on time"]

1. e4 c5 2. Nf3 d6 3. d4 cxd4 4. Nxd4 Nf6 5. Nc3 a6 6. Be2 g6 7. O-O Bg7 8. a4 O-O 9. Be3 Nc6 10. f4 Qa5 11. Nb3 Qc7 12. a5 Nb4 13. Bb6 Qd7 14. Bf3 Qe8 15. Kh1 Nd7 16. Bd4 e5 17. Be3 Qe7 18. Ra4 Nc6 19. Nd5 Qd8 20. f5 Nf6 21. Bb6 Qd7 22. Rc4 Nxd5 23. exd5 Ne7 24. Rc7 1-0

[Event "Early-Titled-Tuesday-Blitz-December-26-2023"]
[Site "Chess.com"]
[Date "2023.12.26"]
[Round "8"]
[White "Lion-Al-Messi"]
[Black "giomar27"]
[Result "1-0"]
[WhiteElo "2609"]
[BlackElo "2393"]
[TimeControl "180+1"]
[EndTime "9:27:49 PST"]
[Termination "Lion-Al-Messi won by resignation"]

1. e4 e5 2. Nf3 Nc6 3. Bb5 a6 4. Ba4 Bc5 5. c3 Nge7 6. d4 exd4 7. cxd4 Bb4+ 8. Nc3 d5 9. O-O dxe4 10. Ng5 O-O 11. Qh5 Bf5 12. Ngxe4 Bg6 13. Qh4 Qxd4 14. Be3 Qe5 15. Bf4 Qa5 16. a3 Bxc3 17. Nxc3 Nf5 18. Qg4 b5 19. Bb3 Ncd4 20. Ba2 h5 21. Qh3 c6 22. Rad1 Rad8 23. Bg5 Rde8 24. Qd3 Qxc3 25. bxc3 Ne2+ 26. Kh1 Nfg3+ 27. hxg3 Bxd3 28. Rxd3 a5 29. Rf3 Kh7 30. Bxf7 Re5 31. Be3 g6 32. Bxg6+ Kg7 1-0

[Event "Early-Titled-Tuesday-Blitz-December-26-2023"]
[Site "Chess.com"]
[Date "2023.12.26"]
[Round "8"]
[White "Ramla2020"]
[Black "RebecaJimnz"]
[Result "1-0"]
[WhiteElo "2461"]
[BlackElo "2266"]
[TimeControl "180+1"]
[EndTime "9:27:49 PST"]
[Termination "Ramla2020 won by resignation"]

1. c4 e5 2. g3 Nc6 3. Bg2 g6 4. e3 Bg7 5. Ne2 Nge7 6. Nbc3 O-O 7. d4 exd4 8. exd4 Re8 9. O-O d6 10. h3 Bf5 11. g4 Bd7 12. Be3 Qc8 13. Qd2 h5 14. f3 hxg4 15. fxg4 Bxg4 16. hxg4 Qxg4 17. Rf4 Qd7 18. Raf1 Nf5 19. Rxf5 gxf5 20. Bh3 Qe6 21. Bf2 Qg6+ 22. Kh2 Re6 23. Nf4 Qh6 24. d5 Rg6 25. dxc6 Be5 26. Bg3 Rg7 27. Ncd5 Rh7 28. Qg2 Kf8 29.
cxb7 Rb8 30. Ne3 Rxb7 31. Nxf5 Qxh3+ 32. Nxh3 Rxb2 33. Qxb2 Bxb2 34. Rb1 1-0

[Event "Early-Titled-Tuesday-Blitz-December-26-2023"]
[Site "Chess.com"]
[Date "2023.12.26"]
[Round "8"]
[White "aksuliini1"]
[Black "tylityli"]
[Result "1-0"]
[WhiteElo "2462"]
[BlackElo "2246"]
[TimeControl "180+1"]
[EndTime "9:27:50 PST"]
[Termination "aksuliini1 won on time"]

1. Nf3 Nf6 2. b3 g6 3. Bb2 Bg7 4. e3 O-O 5. d4 a5 6. a3 b6 7. Bd3 Bb7 8. O-O Ne4 9. c4 f5 10. Qc2 d6 11. d5 Nc5 12. Bxg7 Kxg7 13. Qc3+ e5 14. dxe6+ Qf6 15. Bc2 Nxe6 16. Qxf6+ Kxf6 17. Nc3 c6 18. Rfd1 Ke7 19. e4 Nd7 20. exf5 gxf5 21.
Re1 Kf6 22. Rad1 Ne5 23. Nxe5 dxe5 24. Rd7 Bc8 25. Rxh7 Kg6 26. Rh3 e4 27. Rd1 Ba6 28.
Rd6 Rf6 29. Rg3+ Kf7 30. Rd7+ Ke8 31. Rd6 1-0

[Event "Early-Titled-Tuesday-Blitz-December-26-2023"]
[Site "Chess.com"]
[Date "2023.12.26"]
[Round "8"]
[White "prime-morty"]
[Black "PabloZarnicki"]
[Result "0-1"]
[WhiteElo "2529"]
[BlackElo "2653"]
[TimeControl "180+1"]
[EndTime "9:27:51 PST"]
[Termination "PabloZarnicki won by resignation"]

1. c4 Nf6 2. Nc3 g6 3. e4 d6 4. g3 Bg7 5. Bg2 O-O 6. Nge2 c5 7. a3 Nc6 8. Rb1 a5 9. d3 Ne8 10. h4 h5 11. Bg5 f6 12. Be3 e5 13. O-O Nc7 14. f4 Bg4 15. f5 Qe8 16. Qd2 Nd4 17.
Rbe1 Rb8 18. Bh6 b5 19. Bxg7 Kxg7 20. Nxd4 cxd4 21. Nd5 Nxd5 22. cxd5 gxf5 23. Qxa5 fxe4 24. Qc7+ Rf7 25. Qxd6 Rd8 26. Qb4 e3 27. Rc1 Be2 28.
Rfe1 Bxd3 29. d6 Qe6 30. Rc6 Rfd7 31. Rec1 Rxd6 32. Rc7+ R8d7 33. Rxd7+ Rxd7 34. Rc6 Qg4 35. Rc8 Rf7 36. Qd6 Qxc8 0-1

[Event "Early-Titled-Tuesday-Blitz-December-26-2023"]
[Site "Chess.com"]
[Date "2023.12.26"]
[Round "8"]
[White "WindWhistler11"]
[Black "TanitoluwaAps116"]
[Result "0-1"]
[WhiteElo "2462"]
[BlackElo "2720"]
[TimeControl "180+1"]
[EndTime "9:27:53 PST"]
[Termination "TanitoluwaAps116 won on time"]

1. c4 e5 2. Nc3 Nc6 3. g3 g6 4. Bg2 Bg7 5. e3 d6 6. Nge2 Nf6 7. b3 O-O 8. Bb2 Be6 9. f4 d5 10. Na4 dxc4 11. Nc5 Bd5 12. e4 Be6 13. Nxe6 fxe6 14. bxc4 exf4 15. Nxf4 Qd6 16. O-O Rad8 17. d4 e5 18. c5 Qe7 19. Qb3+ Kh8 20. Nd5 Nxd5 21. exd5 Nxd4 22. Qc4 b5 23. cxb6 axb6 24. Bxd4 exd4 25. Rae1 Rxf1+ 26. Qxf1 Qc5 27. Kh1 Qa3 28. Qf7 Qd6 29. Re6 Qf8 30. Qxc7 Rc8 0-1

[Event "Early-Titled-Tuesday-Blitz-December-26-2023"]
[Site "Chess.com"]
[Date "2023.12.26"]
[Round "8"]
[White "Dewarfd"]
[Black "RamonManon0g"]
[Result "0-1"]
[WhiteElo "2087"]
[BlackElo "2351"]
[TimeControl "180+1"]
[EndTime "9:27:53 PST"]
[Termination "RamonManon0g won on time"]

1. b3 e5 2. Bb2 d6 3. e3 Nf6 4. Nf3 Nc6 5. Bb5 Bg4 6. h3 Bh5 7. d3 Be7 8. Nbd2 O-O 9. Bxc6 bxc6 10. c4 Re8 11. Qc2 Bf8 12. e4 a5 13. O-O Nd7 14. d4 exd4 15. Nxd4 c5 16. Nf5 Ne5 17. f3 Qg5 18.
Rae1 Ng6 19. Nb1 Nf4 20. Bc1 Bg6 21. Qd2 Bxf5 22. exf5 Rxe1 23. Rxe1 Qg3 24. Re4 Nxh3+ 25.
Kh1 Nf2+ 26. Kg1 Nxe4 27. fxe4 Re8 28. Nc3 Be7 29. Qe3 Qxe3+ 30. Bxe3 Bf6 31. Nd5 Rxe4 0-1

[Event "Early-Titled-Tuesday-Blitz-December-26-2023"]
[Site "Chess.com"]
[Date "2023.12.26"]
[Round "8"]
[White "Pumpkin_in_moonlight"]
[Black "ploxoi"]
[Result "0-1"]
[WhiteElo "2323"]
[BlackElo "2501"]
[TimeControl "180+1"]
[EndTime "9:27:55 PST"]
[Termination "ploxoi won on time"]

1. e4 c5 2. Nf3 e6 3. c3 d5 4.
exd5 Qxd5 5. d4 Nf6 6. Na3 Nc6 7. Be3 cxd4 8. Nb5 Qd8 9. Nbxd4 Nxd4 10. Nxd4 a6 11.
Bd3 Be7 12. Qc2 Qa5 13. h4 h6 14. Bc4 Bd7 15. O-O-O Rc8 16. Bb3 Nd5 17. Bd2 Nb4 18.
Qe4 Qb6 19. Kb1 Nc6 20. Be3 Qc7 21. Rhe1 O-O 22. Bc2 f5 23. Qd3 e5 24. Qc4+ Kh8 25. Ne6 Bxe6 26. Qxe6 Rce8 27. Qc4 e4 28. g3 Bd6 29. Rxd6 Qxd6 30. Bc5 Qd2 31. Rd1 Ne5 32. Qb3 Qe2 33. Bxf8 Rxf8 34. Qd5 Ng4 35. Qd6 Rg8 36.
Qd2 Qxf2 37. Qxf2 Nxf2 38. Rf1 e3 39. Kc1 g6 40. Re1 Re8 0-1

[Event "Early-Titled-Tuesday-Blitz-December-26-2023"]
[Site "Chess.com"]
[Date "2023.12.26"]
[Round "8"]
[White "Navyblue1"]
[Black "Abduzhaparov"]
[Result "0-1"]
[WhiteElo "2161"]
[BlackElo "2397"]
[TimeControl "180+1"]
[EndTime "9:27:56 PST"]
[Termination "Abduzhaparov won by resignation"]

1. d4 d6 2. c4 Nf6 3. Nc3 Nbd7 4. e4 e5 5. d5 Be7 6. Nf3 a5 7. Bd3 Nc5 8. O-O h5 9. b3 h4 10. h3 Nh5 11. Rb1 Bd7 12. a3 a4 13. b4 Nb3 14.
Be3 Qc8 15. Nh2 Nd4 16. Bxd4 exd4 17. Ne2 Bf6 18. f4 Bxh3 19. gxh3 Qxh3 20. Rf3 Ng3 21. Qe1 Rh6 22. f5 Be5 23. Rb2 Nxe2+ 24. Qxe2 Bxh2+ 25. Qxh2 Qxf3 26. Rd2 Rh5 27. Qf2 Rg5+ 28. Kh2 Rg3 29. Qxf3 Rxf3 30. c5 Ke7 31. Be2 Rxa3 32. Rxd4 Ra2 0-1

[Event "Early-Titled-Tuesday-Blitz-December-26-2023"]
[Site "Chess.com"]
[Date "2023.12.26"]
[Round "8"]
[White "Matic_Nareks"]
[Black "alvarorodriguezavila"]
[Result "1-0"]
[WhiteElo "2496"]
[BlackElo "2300"]
[TimeControl "180+1"]
[EndTime "9:27:57 PST"]
[Termination "Matic_Nareks won on time"]

1. e4 c5 2. Nc3 Nc6 3. Bb5 Nd4 4. Nf3 g6 5. Nxd4 cxd4 6. Ne2 Bg7 7. O-O a6 8. Bd3 d5 9. c3 dxe4 10. Bxe4 Nf6 11. Bf3 d3 12. Ng3 O-O 13. Re1 Qc7 14. Re3 Rd8 15. Qf1 Qd6 16. b3 Bh6 17. Ne4 Nxe4 18.
Rxe4 Bf5 19. Rd4 Qf6 20. Rxd8+ Rxd8 21. Bxb7 Bg4 22. f3 Qb6+ 23. Qf2 Qxb7 24. fxg4 Qe4 25.
Ba3 Qxg4 26. Rf1 f5 27. h3 Qg5 28. Qb6 Qf6 29. Qxd8+ Qf8 30. Qxf8+ Kxf8 31. Rf3 1-0

[Event "Early-Titled-Tuesday-Blitz-December-26-2023"]
[Site "Chess.com"]
[Date "2023.12.26"]
[Round "8"]
[White "Iskusnyh"]
[Black "Korchmar_Vasiliy"]
[Result "1-0"]
[WhiteElo "2636"]
[BlackElo "2776"]
[TimeControl "180+1"]
[EndTime "9:27:59 PST"]
[Termination "Iskusnyh won by resignation"]

1. d4 Nf6 2. c4 e6 3. g3 d5 4. Bg2 dxc4 5. Nf3 Bb4+ 6. Nc3 O-O 7.
O-O Nc6 8. Bg5 Be7 9. Qa4 Nxd4 10. Qxc4 e5 11. Nxe5 Be6 12. Qa4 b5 13. Qa6 b4 14. Rad1 bxc3 15. bxc3 Nxe2+ 16. Qxe2 Qc8 17. Nc6 Bd6 18. Rxd6 Re8 19. Rd8 Qxd8 20. Nxd8 Raxd8 21. Bxf6 gxf6 22. Qh5 Bxa2 23. Qg4+ Kh8 24. h4 Rd6 25.
Qa4 Bd5 26. Qxe8+ 1-0

[Event "Early-Titled-Tuesday-Blitz-December-26-2023"]
[Site "Chess.com"]
[Date "2023.12.26"]
[Round "8"]
[White "Kiborg95"]
[Black "ukchessbomber"]
[Result "1-0"]
[WhiteElo "2813"]
[BlackElo "2696"]
[TimeControl "180+1"]
[EndTime "9:28:00 PST"]
[Termination "Kiborg95 won by resignation"]

1. e4 b6 2. d3 Bb7 3. g3 g6 4. Bg2 Bg7 5. Nh3 e6 6. O-O Ne7 7. f4 O-O 8. c3 c5 9. Nf2 Nbc6 10. Nd2 b5 11. a4 a6 12. Nf3 Qb6 13. g4 f5 14. h4 Rad8 15. Qe2 fxe4 16. dxe4 d5 17.
Ng5 Na5 18. exd5 Bxd5 19. Bxd5 Rxd5 20. Nxe6 Re5 21. fxe5 Qxe6 22. axb5 Nc4 23. Rxa6 Qd5 24. Rd1 Rxf2 25. Kxf2 Qf7+ 26. Qf3 Qe8 27. Ra8 Nc8 28. Qd5+ Kh8 29. Qxc4 Bxe5 30. Bf4 Qf8 31. Kg3 Bf6 32. g5 Bg7 33. b6 h5 34. b7 Qf5 35. bxc8=Q+ Bf8 36. Qxf8+ Kh7 1-0

[Event "Early-Titled-Tuesday-Blitz-December-26-2023"]
[Site "Chess.com"]
[Date "2023.12.26"]
[Round "8"]
[White "Alexchess1984"]
[Black "Durarbayli"]
[Result "0-1"]
[WhiteElo "2719"]
[BlackElo "2872"]
[TimeControl "180+1"]
[EndTime "9:28:01 PST"]
[Termination "Durarbayli won by resignation"]

1. e4 c5 2. Nf3 d6 3. d4 cxd4 4. Qxd4 Nf6 5. Nc3 Nc6 6. Bb5 Bd7 7. Bxc6 Bxc6 8. Bg5 Nd7 9. O-O-O h6 10. Bh4 e5 11.
Qd3 g5 12. Bg3 Qa5 13. Kb1 Be7 14. Nd5 Bxd5 15. exd5 Rc8 16. Qf5 Rc5 17. h4 g4 18.
Qxg4 Rxd5 19. Qe4 Rb5 20. Qf5 Qb4 21. b3 e4 22. Rd5 Rxd5 23. Qxd5 exf3 24. gxf3 Qc3 25.
Bxd6 Bf6 26. Qe4+ Kd8 27. Kc1 Re8 0-1

[Event "Early-Titled-Tuesday-Blitz-December-26-2023"]
[Site "Chess.com"]
[Date "2023.12.26"]
[Round "8"]
[White "frederiksvane"]
[Black "GMWSO"]
[Result "0-1"]
[WhiteElo "2967"]
[BlackElo "3063"]
[TimeControl "180+1"]
[EndTime "9:28:03 PST"]
[Termination "GMWSO won by resignation"]

1. e4 e5 2. Nf3 Nc6 3. Bc4 Bc5 4. d3 Nf6 5. c3 d6 6. O-O O-O 7. Bg5 h6 8. Bh4 a5 9. Nbd2 Ba7 10. a3 g5 11. Bg3 Bg4 12. b4 Nh5 13. Kh1 Nxg3+ 14. fxg3 Kg7 15. h3 Bh5 16. Qe2 Bg6 17.
Bd5 Qd7 18. Nc4 a4 19. Rab1 Rab8 20. Ne3 Ne7 21. Ba2 Bxe3 22. Qxe3 f5 23. Rbe1 Qc6 24. Qd2 fxe4 25. dxe4 Bxe4 26. Nh2 Nf5 27. Qf2 Nh4 28. gxh4 Rxf2 29. Rxf2 Rf8 30. Rxf8 Kxf8 31. Rf1+ Ke8 0-1

[Event "Early-Titled-Tuesday-Blitz-December-26-2023"]
[Site "Chess.com"]
[Date "2023.12.26"]
[Round "8"]
[White "drillovsky"]
[Black "MrrRefrao"]
[Result "1-0"]
[WhiteElo "2406"]
[BlackElo "2544"]
[TimeControl "180+1"]
[EndTime "9:28:06 PST"]
[Termination "drillovsky won on time"]

1. e4 g6 2. d4 Bg7 3. Nc3 d6 4. Be3 a6 5. a4 Nf6 6. f3 O-O 7. Qd2 Nc6 8. Nge2 Rb8 9. Bh6 b5 10.
axb5 axb5 11. h4 e5 12. d5 Ne7 13. Ng3 b4 14. Nd1 c6 15. dxc6 Nxc6 16. h5 d5 17. Bxg7 Kxg7 18. hxg6 fxg6 19. exd5 Nd4 20. Qh6+ Kg8 21.
Ne3 Rf7 22. Bc4 Rg7 23. c3 bxc3 24. bxc3 Qc7 25. d6+ Qxc4 26. Nxc4 Nc2+ 27. Kd2 Nxa1 28. Rxa1 Be6 29. Nxe5 Rb2+ 30. Kc1 1-0

[Event "Early-Titled-Tuesday-Blitz-December-26-2023"]
[Site "Chess.com"]
[Date "2023.12.26"]
[Round "8"]
[White "dennisodessa"]
[Black "JohnWhite1952"]
[Result "1-0"]
[WhiteElo "2532"]
[BlackElo "1989"]
[TimeControl "180+1"]
[EndTime "9:28:08 PST"]
[Termination "dennisodessa won by checkmate"]

1. d4 e6 2. c4 d5 3. Nc3 Nf6 4. cxd5 exd5 5. Bg5 Be7 6. e3 O-O 7. Bd3 h6 8. Bh4 c6 9. Qc2 Nbd7 10. Nge2 Re8 11.
O-O Nf8 12. f3 Qb6 13. h3 Be6 14. e4 dxe4 15. fxe4 c5 16. Bf2 cxd4 17. Nxd4 Qc7 18. Rac1 a6 19. Nd5 Nxd5 20. Qxc7 Nxc7 21. Rxc7 Bf6 22.
Rxb7 Bxd4 23. Bxd4 Bxa2 24. b3 Red8 25. Bxg7 Kxg7 26.
Rfxf7+ Kg6 27. Bc4 Rab8 28. Rg7+ Kf6 29. Rbe7 Bxb3 30.
g4 Bxc4 31. e5# 1-0

[Event "Early-Titled-Tuesday-Blitz-December-26-2023"]
[Site "Chess.com"]
[Date "2023.12.26"]
[Round "8"]
[White "Grammnik"]
[Black "Alenzer"]
[Result "0-1"]
[WhiteElo "2174"]
[BlackElo "2081"]
[TimeControl "180+1"]
[EndTime "9:28:13 PST"]
[Termination "Alenzer won on time"]

1. d4 d5 2. Nf3 Nf6 3. c4 dxc4 4. Nc3 a6 5. a4 e6 6. e3 Nc6 7. Bxc4 Be7 8. O-O O-O 9. e4 b6 10.
Re1 Bb7 11. Bg5 h6 12. Bh4 Rc8 13. Rc1 Na5 14. Ba2 c5 15. d5 exd5 16. exd5 Nxd5 17. Bxe7 Nxe7 18. Qxd8 Rcxd8 19. Rxe7 Bxf3 20. gxf3 Rd2 21. Re2 Rd3 22. Rd1 Rxf3 23. Rd6 Rf6 0-1

[Event "Early-Titled-Tuesday-Blitz-December-26-2023"]
[Site "Chess.com"]
[Date "2023.12.26"]
[Round "8"]
[White "Shuvalov"]
[Black "NowInChess"]
[Result "1-0"]
[WhiteElo "2517"]
[BlackElo "2288"]
[TimeControl "180+1"]
[EndTime "9:28:16 PST"]
[Termination "Shuvalov won on time"]

1. b4 d6 2. Bb2 Nd7 3. e3 Ngf6 4. d4 g6 5. c4 Bg7 6. Nf3 O-O 7. Nbd2 Re8 8. Be2 e5 9. O-O e4 10. Ne1 Nf8 11.
b5 h5 12. a4 N8h7 13. a5 Bg4 14. a6 b6 15. Nc2 Bxe2 16. Qxe2 h4 17. h3 Qd7 18.
Nb4 Ng5 19. Kh2 Nh5 20. Nc6 f5 21. Ra3 f4 22. Qg4 Qf5 23. Qxh4 Nf6 24. Qxf4 Kf7 25.
f3 Rh8 26. Qxf5 gxf5 27. f4 1-0

[Event "Early-Titled-Tuesday-Blitz-December-26-2023"]
[Site "Chess.com"]
[Date "2023.12.26"]
[Round "8"]
[White "GiorgianBarbosa"]
[Black "Barbix1"]
[Result "1-0"]
[WhiteElo "2482"]
[BlackElo "2284"]
[TimeControl "180+1"]
[EndTime "9:28:18 PST"]
[Termination "GiorgianBarbosa won by checkmate"]

1. c4 e5 2. g3 d6 3. Bg2 f5 4. Nc3 Nf6 5. e3 g6 6. Nge2 Bg7 7. O-O O-O 8. b3 c6 9. Bb2 Be6 10. d4 e4 11. d5 cxd5 12. cxd5 Nxd5 13. Qd2 Nxc3 14. Bxc3 Qe7 15. Bxg7 Kxg7 16. Rfd1 Rd8 17. Rac1 Nc6 18. Nd4 Rac8 19. Nxc6 bxc6 20. b4 Qf6 21. Bf1 c5 22. b5 d5 23. a4 d4 24. exd4 Rxd4 25.
Qa5 Qe7 26. Qc3 Rd8 27. Re1 c4 28. a5 Qc5 29. Rb1 Kg8 30. b6 axb6 31. axb6 Rb8 32. b7 Bd5 33. Rec1 Rxb7 34. Rxb7 Bxb7 35. Bxc4+ Bd5 36.
Bxd5+ Qxd5 37. Qc8+ Kg7 38. Rc7+ Kh6 39. Qf8+ Kg5 40.
Qe7+ Kg4 41. Qh4+ Kf3 42. Qf4+ Ke2 43. Qe3+ Kd1 44. Rc1# 1-0